 Dungeon Crawl Stone Soup version 0.22-a0-825-ga28c36f (webtiles) character file.

60887 Kidiri the Thaumaturge (level 14, -4/82 HPs)
             Began as a Deep Elf Fire Elementalist on July 24, 2018.
             Was a High Priest of Vehumet.
             Slain by Rupert
             ... wielding a +6 executioner's axe of chopping
              (15 damage)
             ... on level 2 of the Orcish Mines.
             The game lasted 01:23:05 (23754 turns).

Kidiri the Thaumaturge (DEFE)                      Turns: 23754, Time: 01:23:05

Health: -4/82      AC: 14    Str:  5    XL:     14   Next: 58%
Magic:  31/43      EV: 13    Int: 37    God:    Vehumet [*****.]
Gold:   1855       SH:  6    Dex: 15    Spells: 5/42 levels left

rFire    . . .     SeeInvis .   I - +0 falchion of Pubu {pain, rElec MR- Int+5}
rCold    . . .     Gourm    .   h - +1 buckler
rNeg     . . .     Faith    .   J - +1 ring mail "Ystul" {MR+ rCorr Int+3 Slay-2}
rPois    .         Spirit   .   b - +0 hat {Int+3}
rElec    +         Reflect  .   q - +0 cloak
rCorr    +         Harm     .   z - +0 pair of gloves
MR       +....                  V - +2 pair of boots {Fly}
Stlth    +.........             m - amulet of magic regeneration
HPRegen  0.23/turn              v - ring of magical power
MPRegen  0.53/turn              i - ring of wizardry

@: flying
A: hooves 1, horns 2, rugged brown scales 1, evolution 2
a: Renounce Religion, Stop Flying


You were on level 2 of the Orcish Mines.
You worshipped Vehumet.
Vehumet was extremely pleased with you.
You were hungry.

You visited 4 branches of the dungeon, and saw 18 of its levels.
You also visited: Ossuary and Ice Cave.

You collected 2009 gold pieces.
You spent 154 gold pieces at shops.

Inventory:

Hand Weapons
 I - the +0 falchion of Pubu (weapon) {pain, rElec MR- Int+5}
   (You found it on level 4 of the Lair of Beasts)

   In the hands of one skilled in necromantic magic, it inflicts extra damage on
   living creatures.
   It affects your intelligence (+5).
   It insulates you from electricity.
   It affects your resistance to hostile enchantments.
Armour
 b - a +0 hat of intelligence (worn)
 h - a +1 buckler (worn)
 q - a +0 cloak (worn)
 z - a +0 pair of gloves (worn)
 J - the +1 ring mail "Ystul" (worn) {MR+ rCorr Int+3 Slay-2}
   (You found it on level 9 of the Dungeon)

   It affects your intelligence (+3).
   It affects your accuracy and damage with ranged weapons and melee attacks
   (-2).
   It affects your resistance to hostile enchantments.
   It provides partial protection from all sources of acid and corrosion.
 V - a +2 pair of boots of flying (worn)
Jewellery
 e - an uncursed ring of protection from cold
 i - a ring of wizardry (right hand)
 m - an amulet of magic regeneration (around neck)
 v - a ring of magical power (left hand)
 x - a +2 ring of dexterity
 C - an uncursed ring of poison resistance
 R - an uncursed ring of see invisible
Wands
 d - a wand of iceblast (1)
 k - a wand of acid (15)
 p - a wand of flame (26)
 y - a wand of random effects (27)
 D - a wand of enslavement (54)
 N - a wand of digging (13)
 O - a wand of paralysis (10)
 S - a wand of polymorph (8)
Scrolls
 j - 11 scrolls of teleportation
 l - 6 scrolls of remove curse
 u - 4 scrolls of immolation
 B - 2 scrolls of summoning
 E - a scroll of holy word
 F - 2 scrolls of fog
 L - a scroll of fear
 U - a scroll of silence
 W - a scroll of acquirement {unknown}
Potions
 f - 6 potions of ambrosia
 g - 4 potions of agility
 n - 6 potions of might
 o - 14 potions of lignification
 r - a potion of magic
 t - 3 potions of mutation
 A - a potion of brilliance
 G - 3 potions of haste
 H - 2 potions of berserk rage
 Q - a potion of resistance
Comestibles
 a - 11 chunks of flesh
 c - 30 rations


   Skills:
 + Level 6.2 Fighting
   Level 7.4 Short Blades
 + Level 6.2 Armour
 + Level 9.1 Dodging
 - Level 2.4 Stealth
 + Level 5.9 Shields
 * Level 14.7 Spellcasting
 + Level 9.1 Conjurations
 + Level 9.7 Fire Magic
 + Level 6.9 Ice Magic
 + Level 5.1 Air Magic
 + Level 6.5 Earth Magic
 + Level 7.5 Poison Magic


You had 5 spell levels left.
You knew the following spells:

 Your Spells              Type           Power        Failure   Level  Hunger
a - Flame Tongue          Conj/Fire      #####        1%          1    None
b - Throw Flame           Conj/Fire      ######       1%          2    None
c - Conjure Flame         Conj/Fire      #######.     1%          3    None
d - Inner Flame           Hex/Fire       ######..     1%          3    None
e - Sticky Flame          Conj/Fire      #######.     1%          4    None
f - Fireball              Conj/Fire      #######...   1%          5    None
g - Bolt of Magma         Conj/Fire/Erth ######....   1%          5    None
i - Bolt of Cold          Conj/Ice       ######....   3%          6    #......
j - Airstrike             Air            ######....   1%          4    None
k - Stone Arrow           Conj/Erth      ######       1%          3    None
l - Sting                 Conj/Pois      ####         1%          1    None

Your spell library contained the following spells:

 Spells                   Type           Power        Failure   Level  Hunger
 Magic Dart               Conj           ####         1%          1    None
 Slow                     Hex            ####....     3%          2    None
 Confuse                  Hex            ####....     6%          3    None
 Mephitic Cloud           Conj/Pois/Air  ######..     1%          3    None
 Summon Small Mammal      Summ           ####         2%          1    None
 Blink                    Tloc           N/A          3%          2    None
 Iskenderun's Mystic Bla  Conj           #######.     1%          4    None
 Summon Ice Beast         Ice/Summ       ######..     5%          4    None
 Call Imp                 Summ           ####....     3%          2    None
 Tukima's Dance           Hex            ####....     6%          3    None
 Shadow Creatures         Summ           N/A          95%         6    #......
 Call Canine Familiar     Summ           ####....     6%          3    None
 Ensorcelled Hibernation  Hex/Ice        ######       1%          2    None
 Summon Butterflies       Summ           ####....     2%          1    None
 Corona                   Hex            ####...      2%          1    None
 Fulminant Prism          Conj/Hex       ######....   1%          4    None
 Dazzling Spray           Conj/Hex       ######       1%          3    None
 Force Lance              Conj/Tloc      ######..     1%          4    None
 Searing Ray              Conj           ######       1%          2    None
 Summon Lightning Spire   Summ/Air       #####...     8%          4    None
 Summon Guardian Golem    Hex/Summ       ####....     6%          3    None
 Spellforged Servitor     Conj/Summ      ######....   52%         7    ####...


Dungeon Overview and Level Annotations

Branches:
Dungeon (9/15)             Temple (1/1) D:5            Lair (6/6) D:9
 Shoals (0/4) Lair:3       Spider (0/4) Lair:2        Slime (0/5) Lair:6
    Orc (2/2) D:9
    Elf: Orc:2

Altars:
Ashenzari
Cheibriados
Dithmenos
Elyvilon
Fedhas
Gozag
Hepliaklqana
Kikubaaqudgha
Makhleb
Nemelex Xobeh
Okawaru
Qazlal
Ru
Sif Muna
Trog
Uskayaw
Vehumet
Wu Jian
Xom
Yredelemnul
Zin
The Shining One
Beogh
Jiyva

Shops:
D:6 !   Orc:1 (

Annotations:
Orc:2 Rupert


Innate Abilities, Weirdness & Mutations

You have large cloven feet.
You have a pair of horns on your head.
You are partially covered in rugged brown scales. (AC +1, +3% HP)
You rapidly evolve.


Message History

Rupert burns!
The orc hits you but does no damage.
The two-headed ogre hits you with a giant club! x2
* * * LOW HITPOINT WARNING * * *
The orc hits you but does no damage.
Rupert burns!
Rupert roars madly and goes into a rage!
Rupert goes berserk!
The orc hits you but does no damage.
The two-headed ogre hits you with a giant club!
* * * LOW HITPOINT WARNING * * *
The two-headed ogre hits you with a giant club.
* * * LOW HITPOINT WARNING * * *
The orc completely misses you.
You can move again.
Unknown command.
As you read the scroll of fear, it crumbles to dust.
You assume a fearsome visage.
The orc looks frightened! x2
The two-headed ogre looks frightened!
Rupert resists with some effort.
Rupert burns!
Rupert hits you with an executioner's axe of chopping!
You die...

.#..... ##...##
##...## ##.....
##### ##....#
#.....##..####..#.##
##$.......#....#####
#..........#..#...#
#...........#....#
#...........)...#
#...(.)........#
...##..)o@O........#
....))[.o.@.......##
.....#.#........###
.... #.##........#
... .. .#.......# .<
.....##.##.##. .
.o.#.. .# #.. ....
.. .# .. .....


You could see Rupert (berserk), a two-headed ogre (fleeing) and 2 orcs.

Vanquished Creatures
  A fire dragon (Lair:6)
  6 hydras
  Erica (Lair:2)
  4 two-headed ogres
  4 death yaks (Lair:2)
  Urug (Lair:2)
  The ghost of iamserjio the Unseen, a journeyman SpMo of Yredelemnul (Lair:3)
  Nergalle (Orc:1)
  Pikel (D:7)
  2 lindwurms
  2 deep elf magi (Orc:1)
  2 ugly things (IceCv)
  3 oklob plants (Lair:2)
  5 elephants (Lair:6)
  3 black mambas
  6 torpor snails (Lair:6)
  3 ice statues (IceCv)
  15 spiny frogs
  4 komodo dragons
  5 rime drakes
  13 polar bears
  3 trolls
  3 tyrant leeches (Lair:6)
  7 hornets (Lair:6)
  17 blink frogs
  5 hippogriffs
  Prince Ribbit (Lair:2)
  2 slime creatures (Lair:6)
  3 raiju (Lair:6)
  A redback (Lair:2)
  A basilisk (Lair:4)
  2 wyverns
  32 yaks
  A hungry ghost (D:9)
  2 vampire mosquitoes (Lair:2)
  5 swamp worms (Lair:1)
  6 wargs
  5 insubstantial wisps (Lair:2)
  7 water moccasins
  14 hell hounds (Lair:6)
  8 porcupines
  9 orc warriors
  21 black bears
  A swamp drake (Orc:1)
  4 slaves (D:7)
  8 ogres
  7 ice beasts
  3 phantoms
  2 sky beasts
  26 wolves
  4 centaurs
  2 big kobolds
  17 crocodiles
  11 bullfrogs
  2 elf skeletons (D:8)
  Blork the orc (Orc:1)
  A water moccasin zombie (Ossuary)
  A wyvern zombie (D:8)
  A scorpion (D:6)
  4 killer bees (D:8)
  5 crimson imps
  2 centaur zombies (Ossuary)
  9 jellies
  3 orc priests
  3 bullfrog zombies
  5 hounds
  9 orc wizards
  A bullfrog skeleton (D:5)
  An iron imp (Orc:1)
  2 iguanas
  2 human skeletons (D:8)
  6 worker ants
  2 killer bee zombies (Ossuary)
  A hound zombie (Ossuary)
  15 mummies (Ossuary)
  A worker ant zombie (Ossuary)
  A howler monkey zombie (Ossuary)
  7 adders
  3 gnolls (D:7)
  2 shadow imps
  13 white imps
  3 adder skeletons
  5 adder zombies (Ossuary)
  A worm (D:2)
  3 dart slugs
  8 leopard geckos
  59 orcs
  A ball python (D:4)
  9 giant cockroaches
  6 goblins
  10 hobgoblins
  9 jackals (D:4)
  16 kobolds
  6 quokkas
  6 bats
  5 frilled lizards
  2 giant cockroach zombies
  A jackal skeleton (D:7)
  A jackal zombie (Ossuary)
  3 leopard gecko skeletons
  2 orc skeletons (D:8)
  3 quokka skeletons
  3 quokka zombies
  8 rats
  2 bushes (D:5)
  2 fungi
  7 plants
607 creatures vanquished.

Vanquished Creatures (collateral kills)
  A bullfrog (D:8)
1 creature vanquished.

Vanquished Creatures (others)
  A worker ant zombie (D:7)
  3 orcs (Orc:1)
  11 fungi
  24 plants
  2 withered plants (Ossuary)
41 creatures vanquished.

Grand Total: 649 creatures vanquished

Notes
Turn   | Place    | Note
-------+----------+-------------------------------------------
     0 | D:1      | Kidiri the Deep Elf Fire Elementalist began the quest for the Orb.
     0 | D:1      | Reached XP level 1. HP: 10/10 MP: 6/6
   182 | D:1      | Reached XP level 2. HP: 15/15 MP: 5/8
   213 | D:1      | Learned a level 2 spell: Throw Flame
   616 | D:1      | Reached skill level 4 in Spellcasting
   821 | D:1      | Reached XP level 3. HP: 19/19 MP: 8/10
   826 | D:1      | Learned a level 3 spell: Conjure Flame
   830 | D:1      | Learned a level 3 spell: Inner Flame
  1271 | D:2      | Found a faded altar of an unknown god.
  1353 | D:2      | Found a shimmering altar of Xom.
  1921 | D:3      | Reached XP level 4. HP: 24/24 MP: 8/12
  2017 | D:3      | Reached skill level 5 in Spellcasting
  2305 | D:3      | Learned a level 4 spell: Sticky Flame
  2328 | D:3      | Reached XP level 5. HP: 28/28 MP: 14/14
  2780 | D:4      | Noticed a phantom
  2787 | D:4      | Killed a phantom
  2787 | D:4      | Reached skill level 6 in Spellcasting
  2806 | D:4      | Reached XP level 6. HP: 31/32 MP: 2/17
  2858 | D:4      | Noticed an ice beast
  2869 | D:4      | Killed an ice beast
  2869 | D:4      | Reached skill level 7 in Spellcasting
  2894 | D:4      | Reached skill level 5 in Fire Magic
  3015 | D:4      | Learned a level 5 spell: Fireball
  3316 | D:4      | Found a blossoming altar of Fedhas.
  3651 | D:5      | Entered Level 5 of the Dungeon
  3698 | D:5      | Found a staircase to the Ecumenical Temple.
  3704 | D:5      | Reached XP level 7. HP: 34/36 MP: 16/19
  3723 | Temple   | Entered the Ecumenical Temple
  3873 | Temple   | Became a worshipper of Vehumet
  4755 | D:5      | Reached skill level 1 in Short Blades
  5006 | D:5      | Reached skill level 1 in Armour
  5020 | D:5      | Reached skill level 1 in Shields
  5147 | D:5      | Reached skill level 1 in Fighting
  5489 | D:6      | Found Yvepiuv's Distillery.
  5495 | D:6      | Bought 2 potions of heal wounds for 110 gold pieces
  5495 | D:6      | Bought a potion of might for 44 gold pieces
  5505 | D:6      | Found an ancient bone altar of Kikubaaqudgha.
  5523 | D:6      | Reached skill level 8 in Spellcasting
  5523 | D:6      | Reached * piety under Vehumet
  5523 | D:6      | Offered knowledge of Sting by Vehumet.
  5523 | D:6      | Reached XP level 8. HP: 43/43 MP: 3/22
  5601 | D:6      | Learned a level 1 spell: Sting
  6132 | D:6      | Reached skill level 1 in Poison Magic
  6398 | D:7      | Noticed a hippogriff
  6415 | D:7      | Killed a hippogriff
  6415 | D:7      | Reached skill level 9 in Spellcasting
  6704 | D:7      | Noticed Pikel
  6716 | D:7      | Killed Pikel
  6716 | D:7      | Reached skill level 5 in Conjurations
  6716 | D:7      | Reached XP level 9. HP: 49/49 MP: 21/24
  6781 | D:7      | Offered knowledge of Throw Frost by Vehumet.
  6918 | D:7      | Reached ** piety under Vehumet
  7279 | D:7      | Learned a level 2 spell: Throw Frost
  7880 | D:8      | Reached skill level 5 in Dodging
  7880 | D:8      | Reached skill level 10 in Spellcasting
  8008 | D:8      | Reached skill level 1 in Ice Magic
  8106 | D:8      | Found a sand-covered staircase.
  8115 | Ossuary  | Entered an ossuary
  8140 | Ossuary  | Offered knowledge of Static Discharge by Vehumet.
  8280 | Ossuary  | Reached *** piety under Vehumet
  8375 | Ossuary  | Reached XP level 10. HP: 53/56 MP: 26/26
  8505 | Ossuary  | Offered knowledge of Stone Arrow by Vehumet.
  8514 | Ossuary  | Learned a level 3 spell: Stone Arrow
  9794 | D:9      | Found a viscous altar of Jiyva.
  9812 | D:9      | Reached skill level 1 in Earth Magic
  9935 | D:9      | Noticed a two-headed ogre
  9942 | D:9      | Killed a two-headed ogre
  9962 | D:9      | Found a staircase to the Lair.
 10041 | D:9      | Found a staircase to the Orcish Mines.
 10047 | D:9      | Noticed a two-headed ogre
 10058 | D:9      | Killed a two-headed ogre
 10058 | D:9      | Reached skill level 11 in Spellcasting
 10093 | D:9      | Reached **** piety under Vehumet
 10105 | D:9      | Offered knowledge of Bolt of Magma by Vehumet.
 10124 | D:8      | Learned a level 5 spell: Bolt of Magma
 10332 | D:9      | Reached XP level 11. HP: 37/60 MP: 19/28
 10545 | D:9      | Noticed a two-headed ogre
 10552 | D:9      | Killed a two-headed ogre
 10870 | D:9      | Got a shimmering ring mail
 10871 | D:9      | Identified the cursed +1 ring mail "Ystul" {MR+ rCorr Int+3 Slay-2} (You found it on level 9 of the Dungeon)
 10979 | Lair:1   | Entered Level 1 of the Lair of Beasts
 11079 | Lair:1   | Found a frozen archway.
 11086 | Lair:1   | Reached skill level 5 in Short Blades
 11126 | IceCv    | Entered an ice cave
 11132 | IceCv    | Reached ***** piety under Vehumet
 11311 | IceCv    | Noticed a white ugly thing
 11439 | IceCv    | HP: 3/61 [white ugly thing (22)]
 11440 | IceCv    | Killed a white ugly thing
 11440 | IceCv    | Offered knowledge of Airstrike by Vehumet.
 11452 | IceCv    | Learned a level 4 spell: Airstrike
 11785 | IceCv    | Reached skill level 5 in Poison Magic
 11836 | IceCv    | Noticed a white ugly thing
 11841 | IceCv    | Killed a white ugly thing
 12134 | Lair:1   | Gained mutation: You have large cloven feet. [potion of mutation]
 12134 | Lair:1   | Gained mutation: You have a somewhat thin skeletal structure. (Dex +2, Stealth) [potion of mutation]
 12135 | Lair:1   | Lost mutation: You have large cloven feet. [potion of mutation]
 12135 | Lair:1   | Lost mutation: You have a somewhat thin skeletal structure. (Dex +2, Stealth) [potion of mutation]
 12135 | Lair:1   | Gained mutation: Your body sometimes deteriorates upon taking damage. [potion of mutation]
 12135 | Lair:1   | Gained mutation: You are robust. (+10% HP) [potion of mutation]
 12136 | Lair:1   | Lost mutation: Your body sometimes deteriorates upon taking damage. [potion of mutation]
 12136 | Lair:1   | Lost mutation: You are robust. (+10% HP) [potion of mutation]
 12136 | Lair:1   | Gained mutation: You are clumsy. (Dex -2) [potion of mutation]
 12136 | Lair:1   | Lost mutation: You are clumsy. (Dex -2) [potion of mutation]
 12136 | Lair:1   | Gained mutation: You have large cloven feet. [potion of mutation]
 12136 | Lair:1   | Gained mutation: You evolve. [potion of mutation]
 12148 | Lair:1   | Reached skill level 1 in Air Magic
 12258 | Lair:1   | Reached skill level 12 in Spellcasting
 13429 | Lair:2   | Found a hole to the Spider Nest.
 13532 | Lair:2   | Noticed Prince Ribbit
 13556 | Lair:2   | Killed Prince Ribbit
 13558 | Lair:2   | Reached XP level 12. HP: 67/67 MP: 16/30
 13805 | Lair:2   | Noticed Erica
 13810 | Lair:2   | Killed Erica
 14025 | Lair:2   | Noticed a death yak
 14070 | Lair:2   | Reached skill level 5 in Ice Magic
 14144 | Lair:2   | Noticed Urug
 14170 | Lair:2   | Got a shimmering hunting sling
 14262 | Lair:2   | Noticed a death yak
 14262 | Lair:2   | Noticed a death yak
 14262 | Lair:2   | Noticed a death yak
 14275 | Lair:2   | Killed a death yak
 14275 | Lair:2   | Killed a death yak
 14275 | Lair:2   | Reached skill level 5 in Fighting
 14331 | Lair:2   | Killed a death yak
 14331 | Lair:2   | Reached skill level 5 in Armour
 14331 | Lair:2   | Reached skill level 5 in Earth Magic
 14332 | Lair:2   | Killed a death yak
 14332 | Lair:2   | Reached skill level 13 in Spellcasting
 14540 | Lair:2   | Gained mutation: You have a pair of small horns on your head. [evolution]
 14749 | Lair:2   | Killed Urug
 15371 | Lair:1   | Identified the cursed +1 hunting sling "Zaizab" {freeze, MR+ MP+9 Int+2 Dex-3} (You found it on level 2 of the Lair of Beasts)
 15411 | Lair:3   | Found a sparkling altar of Nemelex Xobeh.
 15440 | Lair:3   | Reached XP level 13. HP: 72/72 MP: 32/32
 15872 | Lair:3   | Reached skill level 5 in Shields
 16418 | Lair:3   | Found a transporter.
 16421 | Lair:3   | Noticed iamserjio's ghost (journeyman SpMo)
 16422 | Lair:3   | Found a staircase to the Shoals.
 16442 | Lair:3   | Found a transporter.
 16501 | Lair:3   | Killed iamserjio's ghost
 17506 | Lair:4   | Gained mutation: You have a pair of horns on your head. [evolution]
 17930 | Lair:5   | Offered knowledge of Bolt of Cold by Vehumet.
 17941 | Lair:5   | Learned a level 6 spell: Bolt of Cold
 17952 | Lair:5   | Identified the Grimoire of Supportive Lightness
 18884 | Lair:6   | Entered Level 6 of the Lair of Beasts
 19916 | Lair:6   | Found a runed door.
 19934 | Lair:6   | Reached skill level 14 in Spellcasting
 19983 | Lair:6   | Paralysed by a hornet for 1 turns
 20146 | Lair:6   | Found a staircase to the Slime Pits.
 20152 | Lair:6   | Offered knowledge of Freezing Cloud by Vehumet.
 20159 | Lair:6   | Reached XP level 14. HP: 69/79 MP: 34/34
 20473 | Lair:6   | Got a faintly glowing long sword
 20474 | Lair:6   | Identified the +4 long sword of the Endless Expanse {slice, rElec Str+3} (You found it on level 6 of the Lair of Beasts)
 20751 | Lair:6   | Gained mutation: You rapidly evolve. [evolution]
 21760 | Lair:6   | Offered knowledge of Bolt of Draining by Vehumet.
 22242 | Lair:6   | Reached skill level 5 in Air Magic
 22559 | Orc:1    | Entered Level 1 of the Orcish Mines
 22597 | Orc:1    | Found Echiuje's Weapon Emporium.
 22764 | Orc:1    | Noticed Nergalle
 22773 | Orc:1    | Killed Nergalle
 22773 | Orc:1    | Noticed Blork the orc
 22783 | Orc:1    | Killed Blork the orc
 22892 | Lair:2   | Got a jewelled leather armour
 22937 | Lair:4   | Got an encrusted falchion
 22958 | Lair:4   | Identified the +4 leather armour of Eternal Night {rElec} (You found it on level 2 of the Lair of Beasts)
 22968 | Lair:4   | Identified the cursed +0 falchion of Pubu {pain, rElec MR- Int+5} (You found it on level 4 of the Lair of Beasts)
 23170 | Orc:1    | Found a roughly hewn altar of Beogh.
 23378 | Orc:1    | Got a slimy hat
 23380 | Orc:1    | Got a distressingly furry hat
 23404 | Orc:1    | Identified the +2 hat of the Quahog {Str-3 Dex+5} (You found it on level 1 of the Orcish Mines)
 23414 | Orc:1    | Identified the +1 hat of the Monk {rF+} (You found it on level 1 of the Orcish Mines)
 23519 | Orc:2    | Entered Level 2 of the Orcish Mines
 23539 | Orc:1    | Gained mutation: You are partially covered in rugged brown scales. (AC +1, +3% HP) [evolution]
 23741 | Orc:2    | Noticed Rupert
 23744 | Orc:2    | Paralysed by Rupert for 4 turns
 23750 | Orc:2    | Paralysed by Rupert for 4 turns
 23754 | Orc:2    | Slain by Rupert

Vault maps used:
D:1:      elethiomel_arrival_fortress_basement
D:2:      chequers_ecumenical_altar_simple, xom_teletrap_fun
D:3:      first_ration
D:4:      fedhas_altar_1, kennysheep_generic_room_4
D:5:      minmay_temple_entry_trees, lexackson_kobold_supper
D:6:      basic_altar, serial_shops,
          nicolae_shop_temple_entry_statues_fountains, kennysheep_generic_room_7
D:7:      grunt_ogre_cave, uniq_pikel
D:8:      nicolae_ossuary_entry_catacombs, hangedman_decor_riveting
D:9:      lair_entry_dummy, david_orc_3, glass_columns_a, jiyva_altar_1
Temple:   kilobyte_greek_temple
Lair:1:   portal_ice_cave_entry_imps, worms_lemuel
Lair:2:   beast_lair_carwin_large_3, spider_nest_entry_webs, pond,
          lemuel_fruit_tree, minmay_lair_oklob_chamber, uniq_urug, uniq_erica,
          uniq_prince_ribbit2
Lair:3:   shoals_dummy_entry, basic_altar, gammafunk_ghost_arena
Lair:6:   hangedman_lair_caniforms_friends, wormcave,
          minmay_slime_entry_pillars, grunt_megastairs_1
Orc:1:    basic_altar, serial_shops,
          nicolae_shop_temple_entry_statues_fountains, hangedman_minor_magic,
          uniq_nergalle
Orc:2:    pubby_orc_utopia, uniq_rupert
Ossuary:  ossuary_zaba_flooded
IceCv:    ice_cave_statue_garden_chambered

Skill      XL: |  1  2  3  4  5  6  7  8  9 10 11 12 13 14 |
---------------+-------------------------------------------+-----
Spellcasting   | 4 5 6 7 8 9 10 11 12 13 14 | 14.7
Conjurations   | 2 3 4 5 6 7 8 9 |  9.1
Fire Magic     | 4 5 6 7 8 9 |  9.7
Short Blades   | 1 3 4 5 6 7 |  7.4
Armour         | 1 2 3 4 5 6 |  6.2
Dodging        | 3 4 5 6 7 8 9 |  9.1
Shields        | 1 2 3 4 5 |  5.9
Fighting       | 1 2 3 4 5 6 |  6.2
Poison Magic   | 2 3 4 5 6 7 |  7.5
Ice Magic      | 1 3 4 5 6 |  6.9
Earth Magic    | 2 4 5 6 |  6.5
Air Magic      | 1 3 4 5 |  5.1
Stealth        | |  2.4

Action                   |  1- 3 |  4- 6 |  7- 9 | 10-12 | 13-15 || total
-------------------------+-------+-------+-------+-------+-------++-------
Melee: Unarmed           |     6 |       |       |       |       ||     6
       Dagger            |    33 |    16 |   201 |       |       ||   250
       Rapier            |       |       |    35 |    92 |       ||   127
       Kick              |       |       |       |     9 |       ||     9
       Headbutt          |       |       |       |     1 |       ||     1
Throw: Throwing net      |       |       |       |       |     3 ||     3
 Cast: Flame Tongue      |    49 |    75 |   193 |   123 |   103 ||   543
       Throw Flame       |     2 |    15 |    20 |    23 |    20 ||    80
       Sticky Flame      |       |     3 |    29 |    51 |    39 ||   122
       Conjure Flame     |       |       |    14 |    18 |     4 ||    36
       Inner Flame       |       |       |    11 |     5 |     3 ||    19
       Fireball          |       |       |     2 |    54 |    13 ||    69
       Bolt of Magma     |       |       |       |    89 |   174 ||   263
       Airstrike         |       |       |       |     7 |     6 ||    13
       Bolt of Cold      |       |       |       |       |    55 ||    55
       Stone Arrow       |       |       |       |       |     3 ||     3
       Throw Frost       |       |       |       |       |     1 ||     1
Evoke: Wand              |       |       |     5 |       |       ||     5
  Use: Scroll            |     7 |     3 |    10 |    19 |    11 ||    50
       Potion            |       |     1 |       |     8 |     2 ||    11
 Stab: Sleeping          |     7 |     4 |     8 |     1 |       ||    20
  Eat: Chunk             |     3 |     6 |     6 |     9 |    20 ||    44
       Ration            |       |       |     3 |     7 |     3 ||    13
Armor: Robe              |     4 |     5 |    58 |    18 |       ||    85
       Ring mail         |       |       |       |    26 |    63 ||    89
Dodge: Dodged            |    50 |    31 |   132 |   103 |    93 ||   409
Block: Buckler           |       |    18 |    68 |    49 |    49 ||   184

Table legend:
 A = Spawn XP
 B = Non-spawn XP
 C = Spawn XP percentage of total XP
 D = Spawn monster count
 E = Non-spawn monster count
 F = Spawn count percentage of total count
 G = Total turns spent on level
                    A         B        C        D         E        F      G
               +---------+---------+-------+---------+---------+-------+---------
         Total |       0 |   86982 |   0.0 |       0 |     593 |   0.0 | 23754
               +---------+---------+-------+---------+---------+-------+---------
           D:1 |       0 |      47 |   0.0 |       0 |      26 |   0.0 |  1234
           D:2 |       0 |      37 |   0.0 |       0 |      13 |   0.0 |   720
           D:3 |       0 |     138 |   0.0 |       0 |      25 |   0.0 |   931
           D:4 |       0 |     551 |   0.0 |       0 |      31 |   0.0 |   796
           D:5 |       0 |     418 |   0.0 |       0 |      20 |   0.0 |  1621
           D:6 |       0 |    1009 |   0.0 |       0 |      22 |   0.0 |   903
           D:7 |       0 |    1954 |   0.0 |       0 |      33 |   0.0 |  1391
           D:8 |       0 |    1320 |   0.0 |       0 |      20 |   0.0 |  1581
           D:9 |       0 |    6538 |   0.0 |       0 |      42 |   0.0 |  1040
        Lair:1 |       0 |    4725 |   0.0 |       0 |      40 |   0.0 |  1496
        Lair:2 |       0 |   17347 |   0.0 |       0 |      60 |   0.0 |  2476
        Lair:3 |       0 |    7851 |   0.0 |       0 |      24 |   0.0 |   944
        Lair:4 |       0 |    2915 |   0.0 |       0 |      10 |   0.0 |  1396
        Lair:5 |       0 |    3719 |   0.0 |       0 |      10 |   0.0 |  1495
        Lair:6 |       0 |   28684 |   0.0 |       0 |     113 |   0.0 |  3023
         Orc:1 |       0 |    5010 |   0.0 |       0 |      39 |   0.0 |   853
         Orc:2 |       0 |     853 |   0.0 |       0 |      21 |   0.0 |   109
       Ossuary |       0 |     732 |   0.0 |       0 |      33 |   0.0 |   623
         IceCv |       0 |    3134 |   0.0 |       0 |      11 |   0.0 |   935
               +---------+---------+-------+---------+---------+-------+---------
